 Dungeon Crawl Stone Soup version 0.31.0-12-g77e489cdc1 (webtiles) character file.

Game seed: 17577112326072620518

23 Chiseanne the Covered (level 2, 33/33 HPs)
             Began as a Demonspawn Wanderer on Feb 20, 2024.
             Quit the game on level 2 of the Dungeon.
             The game lasted 00:02:05 (548 turns).

Chiseanne the Covered (Demonspawn Wanderer)          Turns: 548, Time: 00:02:05

Health: 33/33      AC: 21    Str: 14    XL:     2   Next: 72%
Magic:  2/2        EV:  2    Int: 11    God:
Gold:   61         SH:  0    Dex: 11    Spells: 1/1 levels left

rFire   . . .        a - +2 quarterstaff
rCold   . . .        (shield currently unavailable)
rNeg    . . .        c - melded +0 ring mail
rPois   +            (helmet currently unavailable)
rElec   .            (cloak currently unavailable)
rCorr   .            (gloves currently unavailable)
SInv    .            (boots currently unavailable)
Will    +....        (no amulet)
Stlth   +            j - ring of willpower
HPRegen 0.25/turn    (no ring)
MPRegen 0.08/turn

%: no passive effects
@: tree-form
A: stationary, stasis, torment immunity, boosted hp, (weakness stinger 1)
a: no special abilities


You were on level 2 of the Dungeon.
You were a tree.
You visited 1 branch of the dungeon, and saw 2 of its levels.

You collected 61 gold pieces.

Inventory:

Hand Weapons
 a - a +2 quarterstaff (weapon)
Missiles
 g - 6 stones (quivered)
Armour
 b - a +0 buckler
 c - a +0 ring mail (melded)
Magical Staves
 f - a staff of conjuration
Jewellery
 j - a ring of willpower (left branch)
Scrolls
 d - a scroll of fear
 h - a scroll of blinking {unknown}
 i - 2 scrolls of identify {unknown}


   Skills:
 * Level 1.8 Fighting
 - Level 1.0 Axes
 - Level 2.6 Staves
 * Level 4.7 Armour
 * Level 1.1 Dodging


You had one spell level left.
You didn't know any spells.
Your spell library contained the following spells:

 Spells                   Type           Power      Damage    Failure   Level
 Stone Arrow              Conj/Erth      0%         3d7       71%         3
 Animate Armour           Summ/Erth      0%         N/A       98%         4
 Lehudib's Crystal Spear  Conj/Erth      0%         10d2      100%        8


Dungeon Overview and Level Annotations

Branches:
Dungeon (2/15)

Altars:

Annotations:
D:2 Sigmund


Innate Abilities, Weirdness & Mutations

You are a tree.
Your roots penetrate the ground, keeping you stationary.
You cannot be teleported.
You are immune to unholy pain and torment.
Your maximum health is greatly increased.
Your equipment is partially melded.
((You have a small tail.))


Message History

You hit the dart slug. You tail-slap the dart slug.
You kill the dart slug!
No target in view!
No target in view!
No target in view!
No target in view!
No target in view!
No target in view!
No target in view!
No target in view!
No target in view!
No target in view!
No target in view!
No target in view!
No target in view!
No target in view!
No target in view!
No target in view!
Sigmund and a hobgoblin come into view.
Sigmund is wielding a +0 scythe and wearing a +2 robe of fire resistance.
Sigmund shouts!
The hobgoblin shouts!
The hobgoblin barely misses you. Sigmund barely misses you.
The hobgoblin closely misses you.
The hobgoblin attacks as it pursues you!
The hobgoblin barely misses you.
Level annotation: Sigmund Options error: Couldn't parse integer option travel_delay: "1 (or -1 online)" (Chiseanne.rc:138) Options error: Couldn't parse integer option rest_delay: "-1 (or -1 online)" (Chiseanne.rc:140) Options error: Unknown explore stop condition 'greedy_sacrificeable' (Chiseanne.rc:146) Welcome back, Chiseanne the Demonspawn Wanderer.
Press ? for a list of commands and other information.
You sock the hobgoblin!
You kill the hobgoblin!
It was a potion of lignification.
You turn into a tree.
Your +0 ring mail melds into your body.
Your roots penetrate the ground.
Sigmund hits you but does no damage.
You swing at nothing.
Sigmund barely misses you.
You cannot move.
You cannot move.
Are you sure you want to abandon this character and quit the game? (Confirm with "yes".)

# ### #.#####.#
..#:......#
#.......#.#
###.###@#.# #
#.#†#.# #.#♣#.#
#...#.# #
#...#.###
#.#.......#
#.#.#.#####. .
#....<.........
#.###.########...
#..............^.
#####.###........


You could see Sigmund.

Vanquished Creatures
  2 dart slugs
  4 bats
  An endoplasm (D:1)
  3 goblins
  A hobgoblin (D:2)
  A quokka (D:2)
  4 ball pythons
  2 kobolds (D:1)
  2 rats
20 creatures vanquished.

Notes
Turn   | Place    | Note
-------+----------+-------------------------------------------
     0 | D:1      | Chiseanne the Demonspawn Wanderer began the quest for the
                  | Orb.
     0 | D:1      | Chiseanne set off with the following items: a +2
                  | quarterstaff, a +0 hand axe, a +0 ring mail, a scroll of
                  | fear.
     0 | D:1      | Reached XP level 1. HP: 15/15 MP: 1/1
   154 | D:1      | Discovered your monstrous ancestry.
   154 | D:1      | Gained mutation: You have a small tail. [demonic ancestry]
   154 | D:1      | Reached XP level 2. HP: 19/21 MP: 2/2
   311 | D:1      | You fall into a shaft and drop 1 floor!
   354 | D:2      | Reached skill level 1 in Dodging
   539 | D:2      | Noticed Sigmund
   548 | D:2      | Quit the game

Illustrated notes

Levels and vault maps discovered:
D:1:      minmay_arrival_four_loops, layout_rooms
D:2:      layout_basic, basic_altar, chequers_serial_rivers_room_a, uniq_sigmund

Skill      XL: |  1  2 |
---------------+-------+-----
Dodging        | 1 |  1.1
Fighting       | |  1.8
Axes           | |  1.0
Staves         | |  2.6
Armour         | |  4.7

Action                     || total
---------------------------++-------
  Melee: Quarterstaff      ||    44
         Tailslap          ||     2
    Use: Potion            ||     1
 Armour: Ring mail         ||    38
         Skin              ||     1
  Dodge: Dodged            ||    30
